 Dungeon Crawl Stone Soup version 0.28-a0-973-ga7f8b01127 (webtiles) character file.

Game seed: 10457469564996809948

85 croobank the Ducker (level 4, -5/41 HPs)
             Began as a Gnoll Monk on Dec 2, 2021.
             Was a Believer of Zin.
             Killed by nerve-wracking pain
             ... invoked by Menkaure
              (8 damage)
             ... on level 4 of the Dungeon.
             The game lasted 00:15:51 (2822 turns).

croobank the Ducker (Gnoll Monk)                    Turns: 2822, Time: 00:15:51

Health: -5/41      AC:  5    Str: 13    XL:     4   Next: 48%
Magic:  5/5        EV: 15    Int: 11    God:    Zin [**....]
Gold:   43         SH:  0    Dex: 15    Spells: 5/5 levels left

rFire   . . .      SeeInvis .   a - +1 falchion
rCold   . . .      Faith    .   (no shield)
rNeg    . . .      Spirit   .   c - +0 robe
rPois   ∞          Reflect  .   d - +1 helmet
rElec   .          Harm     .   (no cloak)
rCorr   .          Rampage  .   e - +0 pair of gloves
Will    .....                   (no boots)
Stlth   +++.......              g - amulet of magic regeneration
HPRegen 0.13/turn               (no ring)
MPRegen 0.49/turn               (no ring)

@: vitalised
A: fangs 1, strong nose, distributed training
a: Renounce Religion, Recite, Vitalisation, Donate Gold


You were on level 4 of the Dungeon.
You worshipped Zin.
Zin was pleased with you.
You visited 1 branch of the dungeon, and saw 4 of its levels.

You collected 97 gold pieces.
You donated 54 gold pieces to Zin.

Inventory:

Hand Weapons
 a - a +1 falchion (weapon)
 b - a +0 hunting sling
 u - a +0 trident
Missiles
 f - a throwing net (quivered)
 h - 23 bolts
 i - 65 sling bullets
 j - 20 stones
Armour
 c - a +0 robe (worn)
 d - a +1 helmet (worn)
 e - a +0 pair of gloves (worn)
 o - a +0 chain mail
Jewellery
 g - an amulet of magic regeneration (around neck)
Scrolls
 k - a scroll of enchant weapon
 p - a scroll of noise


   Skills:
 + Level 6.6 Fighting
 + Level 1.1 Short Blades
 + Level 6.6 Long Blades
 + Level 1.1 Axes
 + Level 1.1 Maces & Flails
 + Level 1.1 Polearms
 + Level 1.1 Staves
 + Level 1.1 Slings
 + Level 1.1 Bows
 + Level 1.1 Crossbows
 + Level 1.1 Throwing
 + Level 1.1 Armour
 + Level 6.6 Dodging
 + Level 4.2 Stealth
 + Level 1.1 Shields
 + Level 1.1 Unarmed Combat
 + Level 1.1 Spellcasting
 + Level 0.9 Conjurations
 + Level 0.9 Hexes
 + Level 0.9 Summonings
 + Level 0.9 Necromancy
 + Level 0.9 Translocations
 + Level 0.9 Transmutations
 + Level 0.9 Fire Magic
 + Level 0.9 Ice Magic
 + Level 0.9 Air Magic
 + Level 0.9 Earth Magic
 + Level 0.9 Poison Magic
 + Level 1.2 Invocations
 + Level 1.1 Evocations


You had 5 spell levels left.
You didn't know any spells.
Your spell library was empty.

Dungeon Overview and Level Annotations

Branches:
Dungeon (4/15)
 Temple: D:4-7

Altars:
Zin
The Shining One

Shops:
D:4 *

Annotations:
D:3 Sigmund
D:4 Menkaure


Innate Abilities, Weirdness & Mutations

You have very sharp teeth.
Your uncanny sense of smell can sniff out nearby items.
Your experience applies equally to all skills.


Message History

The dart slug launches a dart at you. The slug dart misses you.
You hit the dart slug.
You kill the dart slug!
You start resting.
Menkaure is nearby!
You aren't carrying any items that you can evoke.
Your movement speed is average.
Your attack delay is about 0.9.
Zin grants you divine stamina.
Menkaure shouts!
Menkaure gestures wildly while chanting.
Menkaure seems to speed up.
You hit Menkaure but do no damage. Menkaure barely misses you.
You closely miss Menkaure. Menkaure hits you!
You hit Menkaure but do no damage.
Menkaure calls on the powers of darkness!
Your body is wracked with pain!
You don't know any spells.
Your library has no spells.
You aren't carrying any potions.
Okay, then.
Okay, then.
Menkaure casts a spell at you.
You barely resist.
Menkaure calls on the powers of darkness!
Your body is wracked with pain!
* * * LOW HITPOINT WARNING * * *
Menkaure whispers a few words.
Menkaure calls on the powers of darkness!
Your body is wracked with pain!
* * * LOW HITPOINT WARNING * * *
Menkaure gestures at you while chanting.
Pain shoots through your body!
* * * LOW HITPOINT WARNING * * *
Menkaure casts a spell at you. Pain shoots through your body!
Zin protects you from harm!
Menkaure gestures at you while chanting.
Pain shoots through your body!
You die...

##### #...# #.#.#
#.#.# #M#.##
#.#.M##### #.##.#...##
#.##......##
#.##.@.∩...#
#.##.......##########
#...................#
####..#_#..########.##
#.##⌠##.# ###...#
#..###..# ##......
.... ..## ##......#
##.###.#####.###..## ∆
.. ........# #...#


You could see Menkaure (fast).

Vanquished Creatures
  An adder (D:4)
  A worm (D:2)
  2 dart slugs
  4 orcs
  2 bats (D:1)
  7 endoplasms
  2 giant cockroaches
  5 goblins (D:1)
  5 hobgoblins
  4 jackals (D:1)
  5 quokkas
  6 ball pythons
  2 frilled lizards (D:1)
  6 kobolds
  6 rats (D:1)
58 creatures vanquished.

Notes
Turn   | Place    | Note
-------+----------+-------------------------------------------
     0 | D:1      | croobank the Gnoll Monk began the quest for the Orb.
     0 | D:1      | Reached XP level 1. HP: 23/23 MP: 1/1
    71 | D:1      | Reached XP level 2. HP: 7/29 MP: 2/2
   652 | D:1      | Reached XP level 3. HP: 27/35 MP: 3/3
   846 | D:1      | Reached skill level 1 in Invocations
  1251 | D:2      | Reached skill level 1 in Short Blades
  1251 | D:2      | Reached skill level 1 in Axes
  1251 | D:2      | Reached skill level 1 in Maces & Flails
  1251 | D:2      | Reached skill level 1 in Polearms
  1251 | D:2      | Reached skill level 1 in Staves
  1251 | D:2      | Reached skill level 1 in Slings
  1251 | D:2      | Reached skill level 1 in Bows
  1251 | D:2      | Reached skill level 1 in Crossbows
  1251 | D:2      | Reached skill level 1 in Throwing
  1251 | D:2      | Reached skill level 1 in Armour
  1251 | D:2      | Reached skill level 1 in Shields
  1251 | D:2      | Reached skill level 1 in Unarmed Combat
  1251 | D:2      | Reached skill level 1 in Spellcasting
  1251 | D:2      | Reached skill level 1 in Evocations
  1499 | D:2      | Reached XP level 4. HP: 31/41 MP: 5/5
  2133 | D:3      | Found a glowing golden altar of the Shining One.
  2226 | D:3      | Noticed a floating eye
  2228 | D:3      | Found a faded altar of an unknown god.
  2229 | D:3      | Noticed a floating eye
  2229 | D:3      | Noticed an eye of devastation
  2229 | D:3      | Noticed an eye of devastation
  2238 | D:3      | Noticed Sigmund
  2534 | D:4      | Noticed Menkaure
  2596 | D:4      | Found a glowing silver altar of Zin.
  2596 | D:4      | Found Zin's Purification Station.
  2605 | D:4      | Became a worshipper of Zin the Law-Giver
  2605 | D:4      | Reached * piety under Zin
  2605 | D:4      | Reached ** piety under Zin
  2606 | D:4      | Donated 45 gold pieces to Zin
  2813 | D:4      | HP: 2/41 [Menkaure/nerve-wracking pain (4)]
  2818 | D:4      | Zin protects you from harm!
  2822 | D:4      | Killed from afar by Menkaure

Illustrated notes

Levels and vault maps discovered:
D:1:      elethiomel_arrival_infinity_welcomes_careful_drivers, layout_rooms,
          minmay_misc_feat_five, minmay_unequal
D:2:      layout_basic
D:3:      layout_basic, nicolae_yredelemnul_ghost_church,
          mainiacjoe_overflow_six_doors_small,
          hellmonk_ecumenical_altar_watching_god, uniq_sigmund
D:4:      layout_loops_ring, nicolae_qazlal_eye_of_the_storm, zin_purify,
          hangedman_decor_slide_cut, corner_web_ring, uniq_menkaure

Skill      XL: |  1  2  3 |
---------------+----------+-----
Invocations    | 1 |  1.2
Short Blades   | 1 |  1.1
Axes           | 1 |  1.1
Maces & Flails | 1 |  1.1
Polearms       | 1 |  1.1
Staves         | 1 |  1.1
Slings         | 1 |  1.1
Bows           | 1 |  1.1
Crossbows      | 1 |  1.1
Throwing       | 1 |  1.1
Armour         | 1 |  1.1
Shields        | 1 |  1.1
Unarmed Combat | 1 |  1.1
Spellcasting   | 1 |  1.1
Evocations     | 1 |  1.1
Fighting       | |  6.6
Long Blades    | |  6.6
Dodging        | |  6.6
Stealth        | |  4.2
Conjurations   | |  0.9
Hexes          | |  0.9
Summonings     | |  0.9
Necromancy     | |  0.9
Translocations | |  0.9
Transmutations | |  0.9
Fire Magic     | |  0.9
Ice Magic      | |  0.9
Air Magic      | |  0.9
Earth Magic    | |  0.9
Poison Magic   | |  0.9

Action                   |  1- 3 |  4- 6 || total
-------------------------+-------+-------++-------
Melee: Falchion          |   114 |    44 ||   158
       Bite              |     8 |     3 ||    11
 Fire: Hunting sling     |     7 |       ||     7
Invok: Vitalisation      |       |     1 ||     1
       Donate Gold       |       |     1 ||     1
  Use: Scroll            |       |     6 ||     6
       Potion            |       |     4 ||     4
 Stab: Sleeping          |     8 |     4 ||    12
Armor: Robe              |    16 |     7 ||    23
       Skin              |       |     1 ||     1
Dodge: Dodged            |    70 |    30 ||   100

Table legend: (Time is in decaauts)
 A = Elapsed time spent in this place.
 B = Non-inter-level travel time spent in this place.
 C = Inter-level travel time spent in this place.
 D = Time resting spent in this place.
 E = Time spent auto-exploring this place.
 F = Levels seen in this place.
 G = Mean time per level.
                   A        B        C        D        E       F      G
               +--------+--------+--------+--------+--------+-----+--------+
         Total |   2798 |   2758 |     40 |    633 |   1332 |   4 |  699.5 |
       Dungeon |   2798 |   2758 |     40 |    633 |   1332 |   4 |  699.5 |
               +--------+--------+--------+--------+--------+-----+--------+

Top non-repeatable levels by time:
     D:2: 1143 daAuts
     D:1: 975 daAuts
     D:4: 536 daAuts
     D:3: 143 daAuts
